 Dungeon Crawl Stone Soup version 0.24-a0-434-gd57e52f (webtiles) character file.

Game seed: 46739829005870229

1 MatthieuS the Stinger (level 1, 0/15 HPs)
             Began as a Naga Venom Mage on June 16, 2019.
             Slain by a kobold (3 damage)
             ... on level 1 of the Dungeon.
             The game lasted 00:00:37 (29 turns).

MatthieuS the Stinger (Naga Venom Mage)               Turns: 29, Time: 00:00:37

Health: 0/15       AC:  1    Str: 10    XL:     1   Next: 20%
Magic:  0/3        EV: 10    Int: 15    God:
Gold:   15         SH:  0    Dex: 11    Spells: 3/4 levels left

rFire    . . .     SeeInvis +   (no weapon)
rCold    . . .     Gourm    .   (no shield)
rNeg     . . .     Faith    .   a - +0 robe
rPois    +         Spirit   .   (no helmet)
rElec    .         Reflect  .   (no cloak)
rCorr    .         Harm     .   (no gloves)
MR       .....                  (no barding)
Stlth    ++........             (no amulet)
HPRegen  0.05/turn              (no ring)
MPRegen  0.08/turn              (no ring)

@: very slow
A: large, see invisible, deformed body, poison resistance, slowness 2, slow
metabolism 1, spit poison 1, AC +0
a: Spit Poison


You were on level 1 of the Dungeon.
You were not hungry.

You visited 1 branch of the dungeon, and saw 1 of its levels.

You collected 15 gold pieces.

Inventory:

Armour
 a - a +0 robe (worn)
Comestibles
 e - a ration


   Skills:
 - Level 1.5 Dodging
 + Level 3.0 Stealth
 + Level 2.0 Spellcasting
 - Level 1.0 Conjurations
 + Level 4.0 Poison Magic


You had 3 spell levels left.
You knew the following spells:

 Your Spells              Type           Power        Failure   Level  Hunger
a - Sting                 Conj/Pois      #...         8%          1    #......

Your spell library contained the following spells:

 Spells                   Type           Power        Failure   Level  Hunger
 Poisonous Vapours        Pois/Air       #.....       14%         2    ###....
 Mephitic Cloud           Conj/Pois/Air  #.......     32%         3    ###....
 Olgreb's Toxic Radiance  Pois           ##......     38%         4    #####..
 Venom Bolt               Conj/Pois      #.........   91%         5    ######.


Dungeon Overview and Level Annotations

Branches:
Dungeon (1/15)

Altars:


Innate Abilities, Weirdness & Mutations

You cannot wear boots.
Your serpentine skin is tough. (AC +0)
You have supernaturally acute eyesight. (SInv)
Armour fits poorly on your strangely shaped body.
Your system is resistant to poisons. (rPois)
You cover ground very slowly.
You have a slow metabolism.
You can spit poison.


Message History

You closely miss the kobold. The kobold barely misses you.
You hit the kobold but do no damage. The kobold hits you.
The giant cockroach completely misses you.
You closely miss the giant cockroach. The kobold barely misses you.
The giant cockroach bites you.
You closely miss the giant cockroach.
The giant cockroach bites you but does no damage.
The kobold closely misses you.
You hit the giant cockroach. The giant cockroach bites you.
The kobold closely misses you.
You hit the giant cockroach but do no damage.
The giant cockroach bites you but does no damage.
The kobold hits you.
You barely miss the giant cockroach.
The giant cockroach waves its antennae.
The giant cockroach bites you but does no damage.
The kobold hits you but does no damage. The giant cockroach barely misses you.
You closely miss the giant cockroach. The kobold hits you.
* * * LOW HITPOINT WARNING * * *
The giant cockroach bites you.
* * * LOW HITPOINT WARNING * * *
The giant cockroach bites you.
* * * LOW HITPOINT WARNING * * *
There is an open door here.
Okay, then.
Okay, then. (m)acro, (M)acro raw, keymap [(k) default, (x) level-map, (t)argeting, (c)onfirm, m(e)nu], (s)ave?
Input macro trigger key: 1 Current Action: aa Do you wish to (r)edefine, (c)lear, or (a)bort?
Input macro action: za.
Created macro '1' => 'za.'.
Aim: a giant cockroach (moderately wounded, clinging)
The sting hits the giant cockroach.
You kill the giant cockroach!
The kobold throws a stone.
The stone barely misses you.
Aim: a kobold The sting hits the kobold.
The kobold throws a stone.
The stone hits you but does no damage.
Aim: a kobold (severely wounded)
The sting hits the kobold but does no damage.
The kobold throws a stone.
The stone hits you.
* * * LOW HITPOINT WARNING * * *
You don't have enough magic to cast that spell.
The kobold barely misses you. x2
You hit the kobold but do no damage. The kobold misses you.
You hit the kobold but do no damage. The kobold hits you but does no damage.
You barely miss the kobold. The kobold completely misses you.
You closely miss the kobold. The kobold hits you.
You die...

.! #. #. #.
#. #.## #.K#
#@#
#####(#####
#.........#
##.........##
#8.........8#
#...........#
#8....(....8#
##.........##
####8<8####


You could see a kobold.

Vanquished Creatures
  A giant cockroach (D:1)
1 creature vanquished.

Notes
Turn   | Place    | Note
-------+----------+-------------------------------------------
     0 | D:1      | MatthieuS the Naga Venom Mage began the quest for the Orb.
     0 | D:1      | Reached XP level 1. HP: 15/15 MP: 3/3
    29 | D:1      | Slain by a kobold

Levels and vault maps discovered:
D:1:      mrwooster_arrival_statue_3, layout_basic

Action                   || total
-------------------------++-------
Melee: Unarmed           ||    13
 Cast: Sting             ||     3
Armor: Robe              ||     5
Dodge: Dodged            ||    12

Table legend:
 A = Non-vault XP
 B = Vault XP
 C = Vault XP percentage of total XP
 D = Non-vault monster count
 E = Vault monster count
 F = Vault count percentage of total count
                 A         B        C        D         E       F
            +---------+---------+-------+---------+---------+-------
      Total |       2 |       0 |   0.0 |       1 |       0 |   0.0
            +---------+---------+-------+---------+---------+-------
        D:1 |       2 |       0 |   0.0 |       1 |       0 |   0.0
            +---------+---------+-------+---------+---------+-------
